AoeStats
← LionelTupac

Arabia

509764499Analyzed
2v2 RM · 4d ago on Sep 27, 2026· 24m 40s· 4 players
Game mode
Random Map
Map size
Medium (4 player)
Population
200
Speed
Normal
Resources
Standard
Victory
Conquest
Starting age
Dark Age
Ending age
Imperial Age
RankedLock teamsTeams togetherTeam positionsShared explorationLock speedFull tech treeHidden civsTurbo modeCheats
Victory
Defeat
🇦🇷 Franks · Argentina
808
+12
🇦🇷 Ethiopians · Argentina
771
+13
🇫🇷 Bohemians · France
733
-13
🇲🇽 Persians · Mexico
704
-12
Hackerman
6:19 Loom
11:24 Feudal Age
11:58 Double-Bit Axe
15:24 Forging
16:13 Fletching
AVECHRISTUSREX
10:38 Feudal Age
11:07 Double-Bit Axe
16:03 Castle Age
16:36 Horse Collar
LionelTupac
7:23 Loom
10:37 Feudal Age
17:46 Scale Barding Armor
17:53 Forging
19:11 Double-Bit Axe
MartínFierro
6:26 Loom
10:50 Feudal Age
11:23 Double-Bit Axe
12:01 Horse Collar
23:18 Castle Age
23:23 Fletching
23:24 Crossbowman
24:10 Thumb Ring
25:37 Wheelbarrow
25:12 Bodkin Arrow
Connection lost

Rejoining the realm…

Still unreachable

The connection could not be restored.

Session expired

The server has moved on; the page needs a fresh start.